Workbook

Sheet 売上帳
A1: 売上帳
A2: 請求した仕事を1行ずつ・入金があったら入金日と入金額を書く
A3: 年 | C3: 屋号・名前
A5: 日付 | B5: 取引先 | C5: 内容（現場・常用か請負） | D5: 売上の金額 （税込） | E5: 入金日 | F5: 入金額 | G5: 備考
A46: 合計（売上・入金） | D46: =IF(COUNT(D6:D45)=0,"",SUM(D6:D45)) | F46: =IF(COUNT(D6:D45)=0,"",SUM(F6:F45))
A47: 未入金（売上の合計 − 入金の合計） | D47: =IF(D46="","",D46-F46)
A49: 売上は請求した日（仕事が終わった日）に、金額は請求書どおりに書き、入金があった日に入金日と入金額を書きます。経費は払った日に、領収書やレシートの金額をそのまま書きます（免税事業者は税込で）。領収書・請求書の控えは、この帳簿と一緒に残します。仕事と私用の両方に使うもの（車・携帯電話など）は、年末に事業に使った割合で分けます。

Sheet 経費帳
A1: 経費帳
A2: 払った経費を1行ずつ・費目は一覧から選ぶ（集計のシートに費目ごとの合計が出る）
A3: 年 | C3: 屋号・名前
A5: 日付 | B5: 支払先 | C5: 内容 | D5: 費目 | E5: 金額 | F5: 支払い方法 | G5: 備考
A66: 合計 | E66: =IF(COUNT(E6:E65)=0,"",SUM(E6:E65))
A68: 費目の一覧（材料費・外注工賃・車両費・旅費交通費・消耗品費・通信費・租税公課・損害保険料・接待交際費・雑費）は、確定申告の収支内訳書の欄に合わせて増やしたり名前を変えたりしてかまいません。変えた時は「集計」のシートの費目も同じ字にします。

Sheet 集計
A1: 1年の集計
A2: 売上帳・経費帳のシートから自動で集計（月ごと・費目ごと・入金の状況）
A3: 年 | B3: ='売上帳'!B3 | C3: 屋号・名前 | D3: =IF('売上帳'!D3="","",'売上帳'!D3)
A5: 月ごとの売上と経費 | F5: 費目ごとの経費（1年）
A6: 月 | B6: 売上（税込） | C6: 経費 | D6: 差引 | F6: 費目 | G6: 金額
A7: 1月 | B7: =IF($B$3="","",SUMIFS('売上帳'!$D$6:$D$45,'売上帳'!$A$6:$A$45,">="&DATE($B$3,1,1),'売上帳'!$A$6:$A$45,"<"&DATE($B$3,2,1))) | C7: =IF($B$3="","",SUMIFS('経費帳'!$E$6:$E$65,'経費帳'!$A$6:$A$65,">="&DATE($B$3,1,1),'経費帳'!$A$6:$A$65,"<"&DATE($B$3,2,1))) | D7: =IF(B7="","",B7-C7) | F7: 材料費 | G7: =IF(COUNT('経費帳'!$E$6:$E$65)=0,"",SUMIF('経費帳'!$D$6:$D$65,F7,'経費帳'!$E$6:$E$65))
A8: 2月 | B8: =IF($B$3="","",SUMIFS('売上帳'!$D$6:$D$45,'売上帳'!$A$6:$A$45,">="&DATE($B$3,2,1),'売上帳'!$A$6:$A$45,"<"&DATE($B$3,3,1))) | C8: =IF($B$3="","",SUMIFS('経費帳'!$E$6:$E$65,'経費帳'!$A$6:$A$65,">="&DATE($B$3,2,1),'経費帳'!$A$6:$A$65,"<"&DATE($B$3,3,1))) | D8: =IF(B8="","",B8-C8) | F8: 外注工賃 | G8: =IF(COUNT('経費帳'!$E$6:$E$65)=0,"",SUMIF('経費帳'!$D$6:$D$65,F8,'経費帳'!$E$6:$E$65))
A9: 3月 | B9: =IF($B$3="","",SUMIFS('売上帳'!$D$6:$D$45,'売上帳'!$A$6:$A$45,">="&DATE($B$3,3,1),'売上帳'!$A$6:$A$45,"<"&DATE($B$3,4,1))) | C9: =IF($B$3="","",SUMIFS('経費帳'!$E$6:$E$65,'経費帳'!$A$6:$A$65,">="&DATE($B$3,3,1),'経費帳'!$A$6:$A$65,"<"&DATE($B$3,4,1))) | D9: =IF(B9="","",B9-C9) | F9: 車両費 | G9: =IF(COUNT('経費帳'!$E$6:$E$65)=0,"",SUMIF('経費帳'!$D$6:$D$65,F9,'経費帳'!$E$6:$E$65))
A10: 4月 | B10: =IF($B$3="","",SUMIFS('売上帳'!$D$6:$D$45,'売上帳'!$A$6:$A$45,">="&DATE($B$3,4,1),'売上帳'!$A$6:$A$45,"<"&DATE($B$3,5,1))) | C10: =IF($B$3="","",SUMIFS('経費帳'!$E$6:$E$65,'経費帳'!$A$6:$A$65,">="&DATE($B$3,4,1),'経費帳'!$A$6:$A$65,"<"&DATE($B$3,5,1))) | D10: =IF(B10="","",B10-C10) | F10: 旅費交通費 | G10: =IF(COUNT('経費帳'!$E$6:$E$65)=0,"",SUMIF('経費帳'!$D$6:$D$65,F10,'経費帳'!$E$6:$E$65))
A11: 5月 | B11: =IF($B$3="","",SUMIFS('売上帳'!$D$6:$D$45,'売上帳'!$A$6:$A$45,">="&DATE($B$3,5,1),'売上帳'!$A$6:$A$45,"<"&DATE($B$3,6,1))) | C11: =IF($B$3="","",SUMIFS('経費帳'!$E$6:$E$65,'経費帳'!$A$6:$A$65,">="&DATE($B$3,5,1),'経費帳'!$A$6:$A$65,"<"&DATE($B$3,6,1))) | D11: =IF(B11="","",B11-C11) | F11: 消耗品費 | G11: =IF(COUNT('経費帳'!$E$6:$E$65)=0,"",SUMIF('経費帳'!$D$6:$D$65,F11,'経費帳'!$E$6:$E$65))
A12: 6月 | B12: =IF($B$3="","",SUMIFS('売上帳'!$D$6:$D$45,'売上帳'!$A$6:$A$45,">="&DATE($B$3,6,1),'売上帳'!$A$6:$A$45,"<"&DATE($B$3,7,1))) | C12: =IF($B$3="","",SUMIFS('経費帳'!$E$6:$E$65,'経費帳'!$A$6:$A$65,">="&DATE($B$3,6,1),'経費帳'!$A$6:$A$65,"<"&DATE($B$3,7,1))) | D12: =IF(B12="","",B12-C12) | F12: 通信費 | G12: =IF(COUNT('経費帳'!$E$6:$E$65)=0,"",SUMIF('経費帳'!$D$6:$D$65,F12,'経費帳'!$E$6:$E$65))
A13: 7月 | B13: =IF($B$3="","",SUMIFS('売上帳'!$D$6:$D$45,'売上帳'!$A$6:$A$45,">="&DATE($B$3,7,1),'売上帳'!$A$6:$A$45,"<"&DATE($B$3,8,1))) | C13: =IF($B$3="","",SUMIFS('経費帳'!$E$6:$E$65,'経費帳'!$A$6:$A$65,">="&DATE($B$3,7,1),'経費帳'!$A$6:$A$65,"<"&DATE($B$3,8,1))) | D13: =IF(B13="","",B13-C13) | F13: 租税公課 | G13: =IF(COUNT('経費帳'!$E$6:$E$65)=0,"",SUMIF('経費帳'!$D$6:$D$65,F13,'経費帳'!$E$6:$E$65))
A14: 8月 | B14: =IF($B$3="","",SUMIFS('売上帳'!$D$6:$D$45,'売上帳'!$A$6:$A$45,">="&DATE($B$3,8,1),'売上帳'!$A$6:$A$45,"<"&DATE($B$3,9,1))) | C14: =IF($B$3="","",SUMIFS('経費帳'!$E$6:$E$65,'経費帳'!$A$6:$A$65,">="&DATE($B$3,8,1),'経費帳'!$A$6:$A$65,"<"&DATE($B$3,9,1))) | D14: =IF(B14="","",B14-C14) | F14: 損害保険料 | G14: =IF(COUNT('経費帳'!$E$6:$E$65)=0,"",SUMIF('経費帳'!$D$6:$D$65,F14,'経費帳'!$E$6:$E$65))
A15: 9月 | B15: =IF($B$3="","",SUMIFS('売上帳'!$D$6:$D$45,'売上帳'!$A$6:$A$45,">="&DATE($B$3,9,1),'売上帳'!$A$6:$A$45,"<"&DATE($B$3,10,1))) | C15: =IF($B$3="","",SUMIFS('経費帳'!$E$6:$E$65,'経費帳'!$A$6:$A$65,">="&DATE($B$3,9,1),'経費帳'!$A$6:$A$65,"<"&DATE($B$3,10,1))) | D15: =IF(B15="","",B15-C15) | F15: 接待交際費 | G15: =IF(COUNT('経費帳'!$E$6:$E$65)=0,"",SUMIF('経費帳'!$D$6:$D$65,F15,'経費帳'!$E$6:$E$65))
A16: 10月 | B16: =IF($B$3="","",SUMIFS('売上帳'!$D$6:$D$45,'売上帳'!$A$6:$A$45,">="&DATE($B$3,10,1),'売上帳'!$A$6:$A$45,"<"&DATE($B$3,11,1))) | C16: =IF($B$3="","",SUMIFS('経費帳'!$E$6:$E$65,'経費帳'!$A$6:$A$65,">="&DATE($B$3,10,1),'経費帳'!$A$6:$A$65,"<"&DATE($B$3,11,1))) | D16: =IF(B16="","",B16-C16) | F16: 雑費 | G16: =IF(COUNT('経費帳'!$E$6:$E$65)=0,"",SUMIF('経費帳'!$D$6:$D$65,F16,'経費帳'!$E$6:$E$65))
A17: 11月 | B17: =IF($B$3="","",SUMIFS('売上帳'!$D$6:$D$45,'売上帳'!$A$6:$A$45,">="&DATE($B$3,11,1),'売上帳'!$A$6:$A$45,"<"&DATE($B$3,12,1))) | C17: =IF($B$3="","",SUMIFS('経費帳'!$E$6:$E$65,'経費帳'!$A$6:$A$65,">="&DATE($B$3,11,1),'経費帳'!$A$6:$A$65,"<"&DATE($B$3,12,1))) | D17: =IF(B17="","",B17-C17) | F17: 合計 | G17: =IF(G7="","",SUM(G7:G16))
A18: 12月 | B18: =IF($B$3="","",SUMIFS('売上帳'!$D$6:$D$45,'売上帳'!$A$6:$A$45,">="&DATE($B$3,12,1),'売上帳'!$A$6:$A$45,"<"&DATE($B$3,13,1))) | C18: =IF($B$3="","",SUMIFS('経費帳'!$E$6:$E$65,'経費帳'!$A$6:$A$65,">="&DATE($B$3,12,1),'経費帳'!$A$6:$A$65,"<"&DATE($B$3,13,1))) | D18: =IF(B18="","",B18-C18)
A19: 合計 | B19: =IF(B7="","",SUM(B7:B18)) | C19: =IF(B7="","",SUM(C7:C18)) | D19: =IF(B7="","",SUM(D7:D18))
A21: 入金の状況
A22: 売上の合計 | B22: =IF(COUNT('売上帳'!$D$6:$D$45)=0,"",SUM('売上帳'!$D$6:$D$45))
A23: 入金の合計 | B23: =IF(COUNT('売上帳'!$D$6:$D$45)=0,"",SUM('売上帳'!$F$6:$F$45))
A24: 未入金 | B24: =IF(B22="","",B22-B23)
A26: 月ごとの表は、売上帳と経費帳の「日付」の年が上の「年」と同じ行を集計します（日付は年を含めて入れてください）。確定申告の時は、この表の年の合計と費目ごとの金額を収支内訳書に写します。家事按分する費目（車両費・通信費など）は、事業に使った割合を掛けた額を書きます。

Sheet 売上帳(記入例)
A1: 売上帳
A2: 請求した仕事を1行ずつ・入金があったら入金日と入金額を書く
A3: 年 | B3: 2026 | C3: 屋号・名前 | D3: ◯◯内装 ◯◯ ◯◯ | G3: 記入例
A5: 日付 | B5: 取引先 | C5: 内容（現場・常用か請負） | D5: 売上の金額 （税込） | E5: 入金日 | F5: 入金額 | G5: 備考
A6: 46300 | B6: ◯◯工務店 | C6: ◯◯様邸 クロスの張り替え（請負・一式） | D6: 165000 | E6: 46325 | F6: 165000
A7: 46315 | B7: ◯◯リフォーム | C7: ◯◯マンション 床の補修（請負・一式） | D7: 88000 | G7: 11/20 予定
A8: 46326 | B8: ◯◯建設株式会社 | C8: ◯◯ビル3階 内装改修 10月分（常用 13.00人工・請求書 No.26-10） | D8: 314600 | G8: 11/30 予定
A46: 合計（売上・入金） | D46: =IF(COUNT(D6:D45)=0,"",SUM(D6:D45)) | F46: =IF(COUNT(D6:D45)=0,"",SUM(F6:F45))
A47: 未入金（売上の合計 − 入金の合計） | D47: =IF(D46="","",D46-F46)
A49: 売上は請求した日（仕事が終わった日）に、金額は請求書どおりに書き、入金があった日に入金日と入金額を書きます。経費は払った日に、領収書やレシートの金額をそのまま書きます（免税事業者は税込で）。領収書・請求書の控えは、この帳簿と一緒に残します。仕事と私用の両方に使うもの（車・携帯電話など）は、年末に事業に使った割合で分けます。

Sheet 経費帳(記入例)
A1: 経費帳
A2: 払った経費を1行ずつ・費目は一覧から選ぶ（集計のシートに費目ごとの合計が出る）
A3: 年 | B3: 2026 | C3: 屋号・名前 | D3: ◯◯内装 ◯◯ ◯◯ | G3: 記入例
A5: 日付 | B5: 支払先 | C5: 内容 | D5: 費目 | E5: 金額 | F5: 支払い方法 | G5: 備考
A6: 46297 | B6: ◯◯ホームセンター | C6: ビス・パテ・養生テープ | D6: 材料費 | E6: 4620 | F6: カード
A7: 46298 | B7: ◯◯石油 | C7: ガソリン | D7: 車両費 | E7: 6800 | F7: カード
A8: 46301 | B8: ◯◯建材 | C8: クロス・接着剤（◯◯様邸） | D8: 材料費 | E8: 38500 | F8: 振込
A9: 46303 | B9: ◯◯通信 | C9: 携帯電話（10月分） | D9: 通信費 | E9: 4950 | F9: 引落し | G9: 私用の分は年末に按分
A10: 46305 | B10: ◯◯高速道路 | C10: 高速代（◯◯IC〜◯◯IC 往復） | D10: 旅費交通費 | E10: 2640 | F10: カード
A11: 46309 | B11: ◯◯パーキング | C11: 駐車場代（◯◯ビル） | D11: 車両費 | E11: 1800 | F11: 現金
A12: 46310 | B12: ◯◯道具店 | C12: 替刃・カッター | D12: 消耗品費 | E12: 1980 | F12: 現金
A13: 46313 | B13: ◯◯ ◯◯（応援） | C13: 応援の手間（2日） | D13: 外注工賃 | E13: 40000 | F13: 振込 | G13: 請求書あり
A14: 46317 | B14: ◯◯保険 | C14: 自動車保険（10月分） | D14: 損害保険料 | E14: 5200 | F14: 引落し | G14: 私用の分は年末に按分
A15: 46320 | B15: ◯◯石油 | C15: ガソリン | D15: 車両費 | E15: 7100 | F15: カード
A16: 46323 | B16: ◯◯食堂 | C16: 元請の担当者との昼食 | D16: 接待交際費 | E16: 2400 | F16: 現金
A66: 合計 | E66: =IF(COUNT(E6:E65)=0,"",SUM(E6:E65))
A68: 費目の一覧（材料費・外注工賃・車両費・旅費交通費・消耗品費・通信費・租税公課・損害保険料・接待交際費・雑費）は、確定申告の収支内訳書の欄に合わせて増やしたり名前を変えたりしてかまいません。変えた時は「集計」のシートの費目も同じ字にします。

Sheet 集計(記入例)
A1: 1年の集計
A2: 売上帳・経費帳のシートから自動で集計（月ごと・費目ごと・入金の状況）
A3: 年 | B3: ='売上帳(記入例)'!B3 | C3: 屋号・名前 | D3: =IF('売上帳(記入例)'!D3="","",'売上帳(記入例)'!D3) | G3: 記入例
A5: 月ごとの売上と経費 | F5: 費目ごとの経費（1年）
A6: 月 | B6: 売上（税込） | C6: 経費 | D6: 差引 | F6: 費目 | G6: 金額
A7: 1月 | B7: =IF($B$3="","",SUMIFS('売上帳(記入例)'!$D$6:$D$45,'売上帳(記入例)'!$A$6:$A$45,">="&DATE($B$3,1,1),'売上帳(記入例)'!$A$6:$A$45,"<"&DATE($B$3,2,1))) | C7: =IF($B$3="","",SUMIFS('経費帳(記入例)'!$E$6:$E$65,'経費帳(記入例)'!$A$6:$A$65,">="&DATE($B$3,1,1),'経費帳(記入例)'!$A$6:$A$65,"<"&DATE($B$3,2,1))) | D7: =IF(B7="","",B7-C7) | F7: 材料費 | G7: =IF(COUNT('経費帳(記入例)'!$E$6:$E$65)=0,"",SUMIF('経費帳(記入例)'!$D$6:$D$65,F7,'経費帳(記入例)'!$E$6:$E$65))
A8: 2月 | B8: =IF($B$3="","",SUMIFS('売上帳(記入例)'!$D$6:$D$45,'売上帳(記入例)'!$A$6:$A$45,">="&DATE($B$3,2,1),'売上帳(記入例)'!$A$6:$A$45,"<"&DATE($B$3,3,1))) | C8: =IF($B$3="","",SUMIFS('経費帳(記入例)'!$E$6:$E$65,'経費帳(記入例)'!$A$6:$A$65,">="&DATE($B$3,2,1),'経費帳(記入例)'!$A$6:$A$65,"<"&DATE($B$3,3,1))) | D8: =IF(B8="","",B8-C8) | F8: 外注工賃 | G8: =IF(COUNT('経費帳(記入例)'!$E$6:$E$65)=0,"",SUMIF('経費帳(記入例)'!$D$6:$D$65,F8,'経費帳(記入例)'!$E$6:$E$65))
A9: 3月 | B9: =IF($B$3="","",SUMIFS('売上帳(記入例)'!$D$6:$D$45,'売上帳(記入例)'!$A$6:$A$45,">="&DATE($B$3,3,1),'売上帳(記入例)'!$A$6:$A$45,"<"&DATE($B$3,4,1))) | C9: =IF($B$3="","",SUMIFS('経費帳(記入例)'!$E$6:$E$65,'経費帳(記入例)'!$A$6:$A$65,">="&DATE($B$3,3,1),'経費帳(記入例)'!$A$6:$A$65,"<"&DATE($B$3,4,1))) | D9: =IF(B9="","",B9-C9) | F9: 車両費 | G9: =IF(COUNT('経費帳(記入例)'!$E$6:$E$65)=0,"",SUMIF('経費帳(記入例)'!$D$6:$D$65,F9,'経費帳(記入例)'!$E$6:$E$65))
A10: 4月 | B10: =IF($B$3="","",SUMIFS('売上帳(記入例)'!$D$6:$D$45,'売上帳(記入例)'!$A$6:$A$45,">="&DATE($B$3,4,1),'売上帳(記入例)'!$A$6:$A$45,"<"&DATE($B$3,5,1))) | C10: =IF($B$3="","",SUMIFS('経費帳(記入例)'!$E$6:$E$65,'経費帳(記入例)'!$A$6:$A$65,">="&DATE($B$3,4,1),'経費帳(記入例)'!$A$6:$A$65,"<"&DATE($B$3,5,1))) | D10: =IF(B10="","",B10-C10) | F10: 旅費交通費 | G10: =IF(COUNT('経費帳(記入例)'!$E$6:$E$65)=0,"",SUMIF('経費帳(記入例)'!$D$6:$D$65,F10,'経費帳(記入例)'!$E$6:$E$65))
A11: 5月 | B11: =IF($B$3="","",SUMIFS('売上帳(記入例)'!$D$6:$D$45,'売上帳(記入例)'!$A$6:$A$45,">="&DATE($B$3,5,1),'売上帳(記入例)'!$A$6:$A$45,"<"&DATE($B$3,6,1))) | C11: =IF($B$3="","",SUMIFS('経費帳(記入例)'!$E$6:$E$65,'経費帳(記入例)'!$A$6:$A$65,">="&DATE($B$3,5,1),'経費帳(記入例)'!$A$6:$A$65,"<"&DATE($B$3,6,1))) | D11: =IF(B11="","",B11-C11) | F11: 消耗品費 | G11: =IF(COUNT('経費帳(記入例)'!$E$6:$E$65)=0,"",SUMIF('経費帳(記入例)'!$D$6:$D$65,F11,'経費帳(記入例)'!$E$6:$E$65))
A12: 6月 | B12: =IF($B$3="","",SUMIFS('売上帳(記入例)'!$D$6:$D$45,'売上帳(記入例)'!$A$6:$A$45,">="&DATE($B$3,6,1),'売上帳(記入例)'!$A$6:$A$45,"<"&DATE($B$3,7,1))) | C12: =IF($B$3="","",SUMIFS('経費帳(記入例)'!$E$6:$E$65,'経費帳(記入例)'!$A$6:$A$65,">="&DATE($B$3,6,1),'経費帳(記入例)'!$A$6:$A$65,"<"&DATE($B$3,7,1))) | D12: =IF(B12="","",B12-C12) | F12: 通信費 | G12: =IF(COUNT('経費帳(記入例)'!$E$6:$E$65)=0,"",SUMIF('経費帳(記入例)'!$D$6:$D$65,F12,'経費帳(記入例)'!$E$6:$E$65))
A13: 7月 | B13: =IF($B$3="","",SUMIFS('売上帳(記入例)'!$D$6:$D$45,'売上帳(記入例)'!$A$6:$A$45,">="&DATE($B$3,7,1),'売上帳(記入例)'!$A$6:$A$45,"<"&DATE($B$3,8,1))) | C13: =IF($B$3="","",SUMIFS('経費帳(記入例)'!$E$6:$E$65,'経費帳(記入例)'!$A$6:$A$65,">="&DATE($B$3,7,1),'経費帳(記入例)'!$A$6:$A$65,"<"&DATE($B$3,8,1))) | D13: =IF(B13="","",B13-C13) | F13: 租税公課 | G13: =IF(COUNT('経費帳(記入例)'!$E$6:$E$65)=0,"",SUMIF('経費帳(記入例)'!$D$6:$D$65,F13,'経費帳(記入例)'!$E$6:$E$65))
A14: 8月 | B14: =IF($B$3="","",SUMIFS('売上帳(記入例)'!$D$6:$D$45,'売上帳(記入例)'!$A$6:$A$45,">="&DATE($B$3,8,1),'売上帳(記入例)'!$A$6:$A$45,"<"&DATE($B$3,9,1))) | C14: =IF($B$3="","",SUMIFS('経費帳(記入例)'!$E$6:$E$65,'経費帳(記入例)'!$A$6:$A$65,">="&DATE($B$3,8,1),'経費帳(記入例)'!$A$6:$A$65,"<"&DATE($B$3,9,1))) | D14: =IF(B14="","",B14-C14) | F14: 損害保険料 | G14: =IF(COUNT('経費帳(記入例)'!$E$6:$E$65)=0,"",SUMIF('経費帳(記入例)'!$D$6:$D$65,F14,'経費帳(記入例)'!$E$6:$E$65))
A15: 9月 | B15: =IF($B$3="","",SUMIFS('売上帳(記入例)'!$D$6:$D$45,'売上帳(記入例)'!$A$6:$A$45,">="&DATE($B$3,9,1),'売上帳(記入例)'!$A$6:$A$45,"<"&DATE($B$3,10,1))) | C15: =IF($B$3="","",SUMIFS('経費帳(記入例)'!$E$6:$E$65,'経費帳(記入例)'!$A$6:$A$65,">="&DATE($B$3,9,1),'経費帳(記入例)'!$A$6:$A$65,"<"&DATE($B$3,10,1))) | D15: =IF(B15="","",B15-C15) | F15: 接待交際費 | G15: =IF(COUNT('経費帳(記入例)'!$E$6:$E$65)=0,"",SUMIF('経費帳(記入例)'!$D$6:$D$65,F15,'経費帳(記入例)'!$E$6:$E$65))
A16: 10月 | B16: =IF($B$3="","",SUMIFS('売上帳(記入例)'!$D$6:$D$45,'売上帳(記入例)'!$A$6:$A$45,">="&DATE($B$3,10,1),'売上帳(記入例)'!$A$6:$A$45,"<"&DATE($B$3,11,1))) | C16: =IF($B$3="","",SUMIFS('経費帳(記入例)'!$E$6:$E$65,'経費帳(記入例)'!$A$6:$A$65,">="&DATE($B$3,10,1),'経費帳(記入例)'!$A$6:$A$65,"<"&DATE($B$3,11,1))) | D16: =IF(B16="","",B16-C16) | F16: 雑費 | G16: =IF(COUNT('経費帳(記入例)'!$E$6:$E$65)=0,"",SUMIF('経費帳(記入例)'!$D$6:$D$65,F16,'経費帳(記入例)'!$E$6:$E$65))
A17: 11月 | B17: =IF($B$3="","",SUMIFS('売上帳(記入例)'!$D$6:$D$45,'売上帳(記入例)'!$A$6:$A$45,">="&DATE($B$3,11,1),'売上帳(記入例)'!$A$6:$A$45,"<"&DATE($B$3,12,1))) | C17: =IF($B$3="","",SUMIFS('経費帳(記入例)'!$E$6:$E$65,'経費帳(記入例)'!$A$6:$A$65,">="&DATE($B$3,11,1),'経費帳(記入例)'!$A$6:$A$65,"<"&DATE($B$3,12,1))) | D17: =IF(B17="","",B17-C17) | F17: 合計 | G17: =IF(G7="","",SUM(G7:G16))
A18: 12月 | B18: =IF($B$3="","",SUMIFS('売上帳(記入例)'!$D$6:$D$45,'売上帳(記入例)'!$A$6:$A$45,">="&DATE($B$3,12,1),'売上帳(記入例)'!$A$6:$A$45,"<"&DATE($B$3,13,1))) | C18: =IF($B$3="","",SUMIFS('経費帳(記入例)'!$E$6:$E$65,'経費帳(記入例)'!$A$6:$A$65,">="&DATE($B$3,12,1),'経費帳(記入例)'!$A$6:$A$65,"<"&DATE($B$3,13,1))) | D18: =IF(B18="","",B18-C18)
A19: 合計 | B19: =IF(B7="","",SUM(B7:B18)) | C19: =IF(B7="","",SUM(C7:C18)) | D19: =IF(B7="","",SUM(D7:D18))
A21: 入金の状況
A22: 売上の合計 | B22: =IF(COUNT('売上帳(記入例)'!$D$6:$D$45)=0,"",SUM('売上帳(記入例)'!$D$6:$D$45))
A23: 入金の合計 | B23: =IF(COUNT('売上帳(記入例)'!$D$6:$D$45)=0,"",SUM('売上帳(記入例)'!$F$6:$F$45))
A24: 未入金 | B24: =IF(B22="","",B22-B23)
A26: 月ごとの表は、売上帳と経費帳の「日付」の年が上の「年」と同じ行を集計します（日付は年を含めて入れてください）。確定申告の時は、この表の年の合計と費目ごとの金額を収支内訳書に写します。家事按分する費目（車両費・通信費など）は、事業に使った割合を掛けた額を書きます。
